[ AOE2 MATCH · #508000643 ]
UnrankedTupi vs Wei
Player's team · WIN
Rival team · LOSS
[ REPLAY ANALYSIS · EXTRACTED FROM THE RECORDED GAME ]
Feudal
9:42
Castle
25:55
Imperial
41:51
| APM avg | 35.2 |
| APM peak | 62 |
| eAPM avg | 25.1 |
| Villagers / military | 125 / 25 |
Focus
⚔️ 47.3% · 🌾 52.7%
Unknown (2579) ×49 · Unknown (2550) ×21 · Monk ×13 · Spearman ×10 · Trebuchet (Packed) ×2
Feudal
11:11
Castle
25:40
Imperial
—
| APM avg | 49.4 |
| APM peak | 136 |
| eAPM avg | 30.6 |
| Villagers / military | 133 / 31 |
Focus
⚔️ 35.5% · 🌾 64.5%
Unknown (1949) ×71 · Battering Ram ×13 · Monk ×10 · Scorpion ×5 · Militia ×3 · Unknown (1944) ×1
Match map
Initial resources + every placement click. Lines = walls · curves = elevation contours. ◆ gold · ⬟ stone · ● berries · ✦ relic · ◌ wall gap
Your base· Open — opponent sealed themselves in
guimbo's base· ✓ Closed at 25:40 · 92t walls · 2 gate(s)
Smoothed initial terrain · ◌ = detected wall gap · hover for details
Inputs per minute
— gupo57 - - guimbo
Build order — gupo57
First 150 of 257 actions detected
| 0:00 | Queue | Villager (Male) |
| 0:02 | Build | House |
| 0:04 | Build | House |
| 0:11 | Queue | Villager (Male) |
| 0:11 | Queue | Villager (Male) |
| 0:12 | Queue | Villager (Male) |
| 0:12 | Queue | Villager (Male) |
| 1:11 | Queue | Villager (Male) |
| 1:11 | Queue | Villager (Male) |
| 1:32 | Build | House |
| 1:38 | Build | House |
| 2:07 | Queue | Villager (Male) |
| 2:07 | Queue | Villager (Male) |
| 2:17 | Queue | Villager (Male) |
| 2:43 | Build | Settlement |
| 2:50 | Queue | Villager (Male) ×3 |
| 3:14 | Build | House |
| 3:29 | Queue | Villager (Male) |
| 3:48 | Queue | Villager (Male) |
| 3:48 | Queue | Villager (Male) |
| 4:13 | Queue | Villager (Male) |
| 4:25 | Queue | Villager (Male) |
| 4:27 | Queue | Villager (Male) ×2 |
| 6:02 | Build | Barracks |
| 6:34 | Research | Loom |
| 6:35 | Queue | Villager (Male) |
| 6:38 | Build | House |
| 7:13 | Queue | Unit 2550 |
| 7:29 | Research | Feudal Age |
| 7:30 | Queue | Unit 2550 |
| 8:05 | Build | Settlement |
| 8:11 | Queue | Unit 2550 |
| 8:11 | Queue | Unit 2550 |
| 9:40 | Queue | Villager (Male) |
| 9:40 | Queue | Villager (Male) |
| 9:42 | Age | Feudal Age |
| 9:49 | Research | Tech 1402 |
| 10:13 | Queue | Villager (Male) |
| 10:13 | Queue | Villager (Male) |
| 10:24 | Queue | Unit 2550 |
| 10:35 | Build | Watch Tower |
| 10:42 | Build | House |
| 11:06 | Build | Watch Tower |
| 11:16 | Queue | Unit 2550 |
| 11:16 | Queue | Villager (Male) |
| 11:17 | Queue | Villager (Male) |
| 11:34 | Build | Stone Wall |
| 11:38 | Build | Stone Wall |
| 11:39 | Build | Stone Wall |
| 11:46 | Build | Watch Tower |
| 12:08 | Queue | Villager (Male) |
| 12:08 | Queue | Villager (Male) |
| 12:40 | Build | Stone Wall |
| 12:54 | Queue | Villager (Male) |
| 12:54 | Queue | Villager (Male) |
| 13:50 | Build | Settlement |
| 13:54 | Build | Farm |
| 13:56 | Build | Farm |
| 13:59 | Build | Farm |
| 14:38 | Build | Watch Tower |
| 14:48 | Queue | Villager (Male) |
| 14:59 | Build | Stone Wall |
| 15:00 | Build | Stone Wall |
| 15:02 | Queue | Villager (Male) |
| 15:18 | Build | Watch Tower |
| 15:37 | Research | Arson |
| 15:38 | Queue | Villager (Male) |
| 15:38 | Queue | Villager (Male) |
| 15:42 | Build | Farm |
| 16:14 | Build | Watch Tower |
| 16:21 | Queue | Villager (Male) |
| 16:21 | Queue | Villager (Male) |
| 16:22 | Queue | Villager (Male) |
| 16:54 | Queue | Villager (Male) |
| 16:54 | Queue | Villager (Male) |
| 17:23 | Build | Watch Tower |
| 17:28 | Queue | Villager (Male) ×3 |
| 17:37 | Build | Stone Wall |
| 17:39 | Build | Stone Wall |
| 17:41 | Build | Stone Wall |
| 17:42 | Build | Stone Wall |
| 18:03 | Queue | Villager (Male) |
| 18:03 | Queue | Villager (Male) |
| 18:32 | Queue | Villager (Male) |
| 18:33 | Queue | Villager (Male) |
| 18:34 | Build | Farm |
| 19:06 | Build | Farm |
| 19:09 | Build | Blacksmith |
| 19:22 | Build | Market |
| 19:26 | Build | Farm |
| 20:02 | Research | Fletching |
| 20:03 | Queue | Villager (Male) |
| 20:03 | Queue | Villager (Male) |
| 20:05 | Build | Farm |
| 20:07 | Build | Farm |
| 20:09 | Build | Farm |
| 20:42 | Queue | Villager (Male) |
| 20:43 | Queue | Villager (Male) |
| 20:44 | Build | Farm |
| 21:22 | Build | Settlement |
| 21:25 | Queue | Villager (Male) ×5 |
| 21:31 | Build | Farm |
| 21:33 | Build | Farm |
| 21:36 | Build | Farm |
| 21:40 | Build | Farm |
| 22:14 | Build | Farm |
| 22:18 | Build | Farm |
| 22:23 | Build | Farm |
| 22:25 | Queue | Villager (Male) |
| 22:27 | Build | Farm |
| 23:05 | Build | Farm |
| 23:15 | Research | Castle Age |
| 23:15 | Research | Castle Age |
| 23:30 | Build | Settlement |
| 23:48 | Build | Barracks |
| 23:55 | Research | Double-Bit Axe |
| 24:06 | Queue | Unit 2550 |
| 24:07 | Queue | Unit 2550 |
| 24:33 | Build | Barracks |
| 24:35 | Queue | Unit 2550 |
| 24:38 | Research | Scale Mail Armor |
| 24:39 | Research | Horse Collar |
| 25:04 | Research | Forging |
| 25:16 | Build | Barracks |
| 25:25 | Research | Gold Mining |
| 25:55 | Age | Castle Age |
| 26:03 | Build | Castle |
| 26:17 | Research | Tech 1351 |
| 26:21 | Research | Squires |
| 26:23 | Queue | Unit 2550 |
| 26:27 | Queue | Unit 2550 |
| 26:28 | Queue | Unit 2550 |
| 26:28 | Queue | Unit 2550 |
| 26:29 | Queue | Unit 2550 |
| 27:28 | Build | Monastery |
| 27:41 | Queue | Unit 2550 |
| 27:41 | Queue | Unit 2550 |
| 27:42 | Queue | Villager (Male) |
| 27:43 | Queue | Villager (Male) |
| 27:43 | Build | Farm |
| 27:45 | Build | Farm |
| 27:45 | Build | Farm |
| 27:56 | Build | Monastery |
| 28:11 | Build | Monastery |
| 28:18 | Build | Castle |
| 28:25 | Queue | Monk |
| 28:35 | Queue | Monk |
| 28:35 | Queue | Monk |
| 28:38 | Queue | Unit 2550 ×5 |
| 29:04 | Build | Farm |
Build order — guimbo
First 150 of 385 actions detected
| 0:00 | Queue | Villager (Male) |
| 0:01 | Queue | Villager (Male) |
| 0:01 | Queue | Villager (Male) |
| 0:01 | Queue | Villager (Male) |
| 0:02 | Build | House |
| 0:03 | Build | House |
| 1:26 | Queue | Villager (Male) |
| 1:26 | Queue | Villager (Male) |
| 1:46 | Build | Lumber Camp |
| 2:03 | Queue | Villager (Male) |
| 2:04 | Queue | Villager (Male) |
| 2:04 | Queue | Villager (Male) |
| 2:04 | Queue | Villager (Male) |
| 2:21 | Queue | Villager (Male) |
| 2:21 | Queue | Villager (Male) |
| 2:40 | Queue | Villager (Male) |
| 2:40 | Queue | Villager (Male) |
| 3:05 | Queue | Villager (Male) |
| 3:05 | Queue | Villager (Male) |
| 3:37 | Build | House |
| 3:39 | Build | Palisade Wall |
| 3:45 | Queue | Villager (Male) |
| 3:46 | Queue | Villager (Male) |
| 4:02 | Queue | Villager (Male) |
| 4:02 | Queue | Villager (Male) |
| 4:18 | Queue | Villager (Male) |
| 4:18 | Queue | Villager (Male) |
| 4:46 | Queue | Villager (Male) |
| 5:00 | Build | Barracks |
| 5:04 | Queue | Villager (Male) |
| 5:12 | Build | House |
| 5:14 | Build | Palisade Wall |
| 5:30 | Queue | Villager (Male) |
| 5:59 | Queue | Villager (Male) |
| 6:04 | Queue | Militia |
| 6:04 | Queue | Militia |
| 6:15 | Queue | Militia |
| 6:23 | Build | House |
| 6:35 | Build | Palisade Wall |
| 6:38 | Queue | Villager (Male) |
| 6:46 | Build | Mill |
| 6:57 | Queue | Villager (Male) |
| 7:16 | Build | Palisade Wall |
| 7:17 | Build | Palisade Wall |
| 7:18 | Build | Palisade Wall |
| 7:23 | Queue | Villager (Male) |
| 7:36 | Queue | Villager (Male) |
| 8:02 | Build | Palisade Wall |
| 8:05 | Build | Palisade Wall |
| 8:06 | Build | Palisade Wall |
| 8:17 | Research | Loom |
| 8:45 | Research | Feudal Age |
| 8:58 | Build | Mining Camp |
| 9:07 | Build | Palisade Wall |
| 9:44 | Build | House |
| 9:50 | Build | Palisade Wall |
| 10:10 | Build | Palisade Wall |
| 10:15 | Queue | Villager (Male) |
| 10:32 | Build | Palisade Wall |
| 10:38 | Build | Palisade Wall |
| 10:45 | Build | Palisade Wall |
| 10:47 | Build | Palisade Wall |
| 11:11 | Age | Feudal Age |
| 11:17 | Build | Watch Tower |
| 11:24 | Build | Lumber Camp |
| 11:29 | Queue | Villager (Male) |
| 11:32 | Research | Double-Bit Axe |
| 11:44 | Build | House |
| 11:56 | Queue | Villager (Male) |
| 12:19 | Build | Palisade Wall |
| 12:24 | Queue | Villager (Male) |
| 12:35 | Build | Palisade Wall |
| 12:39 | Queue | Villager (Male) |
| 12:52 | Build | Stone Wall |
| 12:59 | Build | Stone Wall |
| 13:07 | Build | Mining Camp |
| 13:07 | Queue | Villager (Male) |
| 13:33 | Queue | Villager (Male) |
| 13:35 | Build | Farm |
| 13:37 | Build | Farm |
| 13:39 | Build | Farm |
| 13:51 | Queue | Villager (Male) |
| 13:54 | Build | Palisade Wall |
| 14:01 | Build | Outpost |
| 14:12 | Build | Palisade Wall |
| 14:14 | Build | Palisade Wall |
| 14:22 | Build | Palisade Gate |
| 14:26 | Queue | Villager (Male) |
| 14:29 | Build | Farm |
| 14:49 | Build | House |
| 14:50 | Build | House |
| 14:57 | Queue | Villager (Male) |
| 15:04 | Build | Lumber Camp |
| 15:18 | Build | Farm |
| 15:28 | Queue | Villager (Male) |
| 15:36 | Build | Watch Tower |
| 15:46 | Queue | Villager (Male) |
| 15:53 | Build | Farm |
| 16:03 | Queue | Villager (Male) |
| 16:09 | Build | House |
| 16:09 | Build | House |
| 16:34 | Build | Stone Wall |
| 16:41 | Queue | Villager (Male) |
| 16:47 | Build | Blacksmith |
| 16:51 | Build | Stone Wall |
| 16:54 | Build | Stone Wall |
| 16:56 | Build | Stone Wall |
| 16:59 | Build | Stone Wall |
| 17:02 | Build | Stone Wall |
| 17:04 | Build | Farm |
| 17:04 | Queue | Villager (Male) |
| 17:07 | Build | House |
| 17:15 | Queue | Villager (Male) |
| 17:32 | Research | Fletching |
| 17:38 | Build | Farm |
| 17:39 | Build | Farm |
| 17:44 | Build | Watch Tower |
| 17:50 | Build | Palisade Gate |
| 17:56 | Build | House |
| 18:02 | Queue | Villager (Male) |
| 18:02 | Queue | Villager (Male) |
| 18:10 | Queue | Villager (Male) |
| 18:24 | Queue | Villager (Male) |
| 18:28 | Queue | Villager (Male) |
| 18:28 | Queue | Villager (Male) |
| 19:05 | Build | Mining Camp |
| 19:10 | Build | Lumber Camp |
| 19:17 | Queue | Villager (Male) |
| 19:54 | Build | Stone Wall |
| 20:01 | Queue | Villager (Male) |
| 20:11 | Build | Stone Wall |
| 20:17 | Build | Watch Tower |
| 20:38 | Queue | Villager (Male) |
| 20:44 | Build | Farm |
| 21:15 | Queue | Villager (Male) |
| 21:17 | Queue | Villager (Male) |
| 21:46 | Build | Market |
| 22:04 | Queue | Villager (Male) |
| 22:05 | Queue | Villager (Male) |
| 22:15 | Build | House |
| 22:42 | Build | Farm |
| 22:48 | Build | Farm |
| 23:00 | Research | Castle Age |
| 23:00 | Research | Castle Age |
| 23:25 | Research | Horse Collar |
| 23:38 | Research | Stone Mining |
| 23:38 | Research | Stone Mining |
| 23:46 | Build | Outpost |
| 24:05 | Build | Farm |
| 24:16 | Build | Outpost |
Match timeline
| 3:39 | guimbo · wall_segment Palisade Wall x8 |
| 5:00 | guimbo · first_building Barracks |
| 5:14 | guimbo · wall_segment Palisade Wall x2 |
| 6:02 | gupo57 · first_building Barracks |
| 6:35 | guimbo · wall_segment Palisade Wall x4 |
| 7:16 | guimbo · wall_segment Palisade Wall x6 |
| 7:17 | guimbo · wall_segment Palisade Wall x1 |
| 7:18 | guimbo · wall_segment Palisade Wall x4 |
| 8:02 | guimbo · wall_segment Palisade Wall x6 |
| 8:05 | guimbo · wall_segment Palisade Wall x6 |
| 8:06 | guimbo · wall_segment Palisade Wall x1 |
| 9:07 | guimbo · wall_segment Palisade Wall x2 |
| 9:42 | gupo57 · age_up feudal |
| 9:50 | guimbo · wall_segment Palisade Wall x5 |
| 10:10 | guimbo · wall_segment Palisade Wall x6 |
| 10:32 | guimbo · wall_segment Palisade Wall x2 |
| 10:38 | guimbo · wall_segment Palisade Wall x2 |
| 10:45 | guimbo · wall_segment Palisade Wall x1 |
| 10:47 | guimbo · wall_segment Palisade Wall x1 |
| 11:11 | guimbo · age_up feudal |
| 11:34 | gupo57 · wall_segment Stone Wall x1 |
| 11:38 | gupo57 · wall_segment Stone Wall x1 |
| 11:39 | gupo57 · wall_segment Stone Wall x1 |
| 12:19 | guimbo · wall_segment Palisade Wall x1 |
| 12:35 | guimbo · wall_segment Palisade Wall x1 |
| 12:40 | gupo57 · wall_segment Stone Wall x1 |
| 12:52 | guimbo · wall_segment Stone Wall x6 |
| 12:59 | guimbo · wall_segment Stone Wall x3 |
| 13:54 | guimbo · wall_segment Palisade Wall x1 |
| 14:12 | guimbo · wall_segment Palisade Wall x5 |
| 14:14 | guimbo · wall_segment Palisade Wall x4 |
| 14:59 | gupo57 · wall_segment Stone Wall x1 |
| 15:00 | gupo57 · wall_segment Stone Wall x1 |
| 16:34 | guimbo · wall_segment Stone Wall x4 |
| 16:51 | guimbo · wall_segment Stone Wall x1 |
| 16:54 | guimbo · wall_segment Stone Wall x1 |
| 16:56 | guimbo · wall_segment Stone Wall x2 |
| 16:59 | guimbo · wall_segment Stone Wall x1 |
| 17:02 | guimbo · wall_segment Stone Wall x1 |
| 17:37 | gupo57 · wall_segment Stone Wall x1 |
| 17:39 | gupo57 · wall_segment Stone Wall x1 |
| 17:41 | gupo57 · wall_segment Stone Wall x2 |
| 17:42 | gupo57 · wall_segment Stone Wall x1 |
| 19:54 | guimbo · wall_segment Stone Wall x4 |
| 20:11 | guimbo · wall_segment Stone Wall x1 |
| 22:30 | guimbo · first_market_buy 100 food |
| 22:32 | guimbo · first_market_sell 100 stone |
| 24:50 | guimbo · wall_segment Stone Wall x1 |
| 25:40 | guimbo · age_up castle |
| 25:46 | guimbo · first_building Castle |
| 25:55 | gupo57 · age_up castle |
| 26:00 | guimbo · first_building Stable |
| 26:03 | gupo57 · first_building Castle |
| 27:28 | gupo57 · first_building Monastery |
| 27:57 | guimbo · wall_segment Stone Wall x6 |
| 27:59 | guimbo · wall_segment Stone Wall x4 |
| 28:11 | guimbo · wall_segment Stone Wall x5 |
| 28:13 | guimbo · wall_segment Stone Wall x7 |
| 28:18 | guimbo · wall_segment Stone Wall x1 |
| 28:49 | guimbo · wall_segment Stone Wall x1 |
| 28:51 | guimbo · wall_segment Stone Wall x1 |
| 28:54 | guimbo · wall_segment Stone Wall x4 |
| 29:46 | guimbo · wall_segment Stone Wall x1 |
| 29:48 | guimbo · wall_segment Stone Wall x1 |
| 29:50 | guimbo · wall_segment Stone Wall x1 |
| 30:18 | guimbo · wall_segment Stone Wall x1 |
| 30:38 | guimbo · first_building Monastery |
| 31:05 | guimbo · wall_segment Stone Wall x1 |
| 31:28 | guimbo · first_building Siege Workshop |
| 31:43 | guimbo · wall_segment Stone Wall x1 |
| 32:18 | guimbo · wall_segment Stone Wall x1 |
| 36:40 | guimbo · wall_segment Palisade Wall x1 |
| 38:25 | gupo57 · first_market_buy 100 food |
| 39:40 | gupo57 · wall_segment Stone Wall x1 |
| 39:41 | gupo57 · wall_segment Stone Wall x1 |
| 39:43 | gupo57 · wall_segment Stone Wall x1 |
| 39:44 | gupo57 · wall_segment Stone Wall x1 |
| 39:45 | gupo57 · wall_segment Stone Wall x1 |
| 39:46 | gupo57 · wall_segment Stone Wall x1 |
| 39:49 | gupo57 · first_building Siege Workshop |
| 39:55 | gupo57 · wall_segment Stone Wall x1 |
| 41:51 | gupo57 · age_up imperial |
| 48:07 | guimbo · resign |
[ AI ANALYSIS · 1 CREDIT ]
What really happened in this match?
Wolo.gg analyzes every decision: build order, eco, micro, common mistakes by bracket. Personalized analysis on WhatsApp or Discord in 30 seconds.
Civ guide
Tupi
Perfil
gupo57